 Dungeon Crawl Stone Soup version 0.20-a0-839-gdaf5c57 (webtiles) character file.

228 4thArraOfDagon the Skirmisher (level 5, 0/43 HPs)
             Began as a Mummy Wanderer on Mar 8, 2017.
             Slain by an iguana (7 damage)
             ... on level 5 of the Dungeon.
             The game lasted 00:05:02 (957 turns).

4thArraOfDagon the Skirmisher (Mummy Wanderer)       Turns: 957, Time: 00:05:04

Health: 0/43       AC:  6    Str: 14    XL:     5   Next: 70%
Magic:  5/5        EV: 11    Int: 12    God:
Gold:   87         SH:  0    Dex: 13    Spells: 4/4 levels left

rFire    x . .     SeeInvis .   j - +0 lajatang
rCold    + . .     Gourm    .   i - +0 ring mail
rNeg     + + +     Faith    .   (shield currently unavailable)
rPois    ∞         Spirit   .   g - +0 helmet
rElec    .         Reflect  .   (no cloak)
rCorr    .         Harm     .   (no gloves)
MR       .....                  (no boots)
Stlth    +.........             (no amulet)
Regen    0.2/turn               (no ring)
MPRegen  0.1/turn               (no ring)

@: no status effects
A: no food or potions, fire vulnerability, cold resistance 1, negative energy
resistance 3, torment resistance, unbreathing
a: no special abilities


You were on level 5 of the Dungeon.
You were not hungry.

You visited 1 branch of the dungeon, and saw 6 of its levels.
You also visited: Ossuary.

You collected 87 gold pieces.

Inventory:

Hand Weapons
 e - a +0 blowgun
 j - a +0 lajatang (weapon)
 l - a +0 spear of freezing
Missiles
 d - 23 poisoned needles
Armour
 c - a +0 pair of gloves
 f - a +0 robe
 g - a +0 helmet (worn)
 i - a +0 ring mail (worn)
Scrolls
 a - a scroll of blinking
 b - a scroll of fear
 k - a scroll of magic mapping {unknown}
 m - a scroll of remove curse


   Skills:
 - Level 4.4 Fighting
 * Level 3.7 Staves
 - Level 1.5 Throwing
 - Level 1.5 Dodging
 - Level 1.0 Stealth
 - Level 1.5 Unarmed Combat


You had 4 spell levels left.
You didn't know any spells.

Dungeon Overview and Level Annotations

Branches:
Dungeon (6/15)
 Temple: D:4-7

Altars:
Elyvilon
Hepliaklqana

Annotations:
D:5 Dowan, Duvessa, Edmund, Grinder


Innate Abilities, Weirdness & Mutations

You do not eat or drink.
Your flesh is vulnerable to fire.
You are immune to poison.
Your flesh is cold resistant. (rC+)
You are immune to negative energy. (rN+++)
You are immune to unholy pain and torment.
You can survive without breathing.


Message History

There is a stone staircase leading down here.
Unknown command.
The scorpion stings you.
You open the door. The iguana bites you!
* * * LOW HITPOINT WARNING * * *
Found a pair of gloves.
Unknown command.
Unknown command.
There is an open door here.
Unknown command.
You see here a pair of gloves.
Unknown command.
c - a pair of gloves The iguana barely misses you.
Unknown command.
Okay, then.
Unknown command.
Unknown command.
The iguana bites you!
You die...

#..........
#..........
#..........
#..........
#....##...
#....#########
#.....#......#
#.....'......#
#.....#.sl@..#
##############


You could see a scorpion and an iguana.

Vanquished Creatures
  A bullfrog (D:6)
  A crimson imp (D:6)
  A bullfrog skeleton (D:4)
  A centaur skeleton (D:6)
  A hound skeleton (D:6)
  3 adders
  An ooze (D:4)
  2 worms
  A dart slug (D:2)
  An orc (D:4)
  A giant cockroach (D:4)
  2 goblins (D:3)
  2 jackals (D:3)
  2 frilled lizards (D:4)
  2 kobolds
  A leopard gecko skeleton (D:5)
  2 rats
25 creatures vanquished.

Notes
Turn   | Place    | Note
-------+----------+-------------------------------------------
     0 | D:1      | 4thArraOfDagon the Mummy Wanderer began the quest for the Orb.
     0 | D:1      | 4thArraOfDagon set off with: a scroll of blinking, a scroll of fear, a scroll of teleportation, 14 poisoned needles, a +0 blowgun, a +0 robe
     0 | D:1      | Reached XP level 1. HP: 18/18 MP: 1/1
    55 | D:2      | Found a hazy altar of Hepliaklqana.
    80 | D:2      | Reached XP level 2. HP: 23/25 MP: 2/2
   296 | D:3      | Reached skill level 4 in Fighting
   329 | D:3      | Reached XP level 3. HP: 22/30 MP: 3/3
   514 | D:5      | Entered Level 5 of the Dungeon
   520 | D:5      | Noticed Edmund
   543 | D:4      | Found a sand-covered staircase.
   548 | Ossuary  | Entered an ossuary
   622 | D:4      | Reached skill level 1 in Staves
   656 | D:4      | Reached XP level 4. HP: 30/38 MP: 4/4
   683 | D:4      | Found a white marble altar of Elyvilon.
   746 | D:5      | Noticed Grinder
   748 | D:5      | Noticed Dowan
   749 | D:5      | Noticed Duvessa
   777 | D:6      | Reached XP level 5. HP: 28/43 MP: 5/5
   934 | D:6      | Noticed an ogre
   957 | D:5      | Slain by an iguana

Vault maps used:
D:1:      enne_arrival_octagon_isle
D:2:      overflow_temple_1_default
D:3:      minmay_quantized
D:4:      old_standard_altar, overflow_temple_1_default,
          minmay_temple_entry_oklob, enter_ossuary_2, first_bread
D:5:      zin_purify, uniq_edmund, uniq_grinder, uniq_duvessa
D:6:      lemuel_doored_altar, lemuel_old_faithful
Ossuary:  ossuary_minmay_tomb_2a

Skill      XL: |  1  2  3  4  5 |
---------------+----------------+-----
Fighting       | 4 |  4.4
Staves         | 1 2 3 |  3.7
Throwing       | |  1.5
Dodging        | |  1.5
Stealth        | |  1.0
Unarmed Combat | |  1.5

Action                   |  1- 3 |  4- 6 || total
-------------------------+-------+-------++-------
Melee: Unarmed           |    62 |       ||    62
       Lajatang          |    10 |    25 ||    35
 Fire: Blowgun           |    37 |       ||    37
  Use: Scroll            |     1 |     3 ||     4
Armor: Ring mail         |    20 |    10 ||    30
       Robe              |     2 |       ||     2
Dodge: Dodged            |    30 |    18 ||    48
